 Dungeon Crawl Stone Soup version 0.25.1-2-g60ff931df9 (webtiles) character file.

Game seed: 7409116576779723327

150 DerDa the Magician (level 5, -2/31 HPs)
             Began as an Octopode Wizard on Oct 8, 2020.
             Killed from afar by an orc wizard (7 damage)
             ... with a magic dart
             ... on level 2 of the Dungeon.
             The game lasted 00:04:52 (3246 turns).

DerDa the Magician (Octopode Wizard)                Turns: 3246, Time: 00:04:52

Health: -2/31      AC:  1    Str:  7    XL:     5   Next: 32%
Magic:  4/11       EV: 13    Int: 21    God:
Gold:   114        SH:  0    Dex: 10    Spells: 4/12 levels left

rFire    . . .     SeeInvis .   m - +0 club
rCold    . . .     Gourm    .   (no shield)
rNeg     . . .     Faith    .   a - +0 hat
rPois    .         Spirit   .   (no amulet)
rElec    .         Reflect  .   (no ring)
rCorr    .         Harm     .   (no ring)
MR       .....                  (no ring)
Stlth    +++.......             (no ring)
HPRegen  0.10/turn              (no ring)
MPRegen  0.12/turn              (no ring)
                                (no ring)
                                (no ring)

@: very slightly contaminated
A: almost no armour, stealthy swim, amphibious, 8 rings, constrict 8, camouflage
1, gelatinous body 1
a: no special abilities


You were on level 2 of the Dungeon.
You were hungry.

You visited 1 branch of the dungeon, and saw 3 of its levels.

You collected 114 gold pieces.

Inventory:

Hand Weapons
 m - a +0 club (weapon)
Missiles
 j - 32 stones (quivered)
 n - 19 sling bullets
Armour
 a - a +0 hat (worn)
Scrolls
 b - a scroll of noise {unknown}
 d - 3 scrolls of identify {unknown}
 g - a scroll of teleportation {unknown}
 h - a scroll of random uselessness {unknown}
 i - a scroll of remove curse {unknown}
 k - a scroll of fog {unknown}
 o - a scroll of magic mapping {unknown}
Potions
 e - a potion of curing {unknown}
 l - a potion of heal wounds {unknown}
Comestibles
 c - 4 rations


   Skills:
 - Level 2.0 Dodging
 - Level 2.6 Stealth
 * Level 4.4 Spellcasting
 * Level 3.5 Conjurations
 - Level 1.0 Summonings
 - Level 1.0 Translocations


You had 4 spell levels left.
You knew the following spells:

 Your Spells              Type           Power        Failure   Level  Hunger
a - Magic Dart            Conj           ###.         2%          1    None
b - Mephitic Cloud        Conj/Pois/Air  #.......     22%         3    ##.....
c - Call Imp              Summ           #.......     12%         2    #......
q - Blink                 Tloc           N/A          12%         2    #......

Your spell library contained the following spells:

 Spells                   Type           Power        Failure   Level  Hunger
 Slow                     Hex            #.......     17%         2    #......
 Conjure Flame            Conj/Fire      ##......     17%         3    ##.....


Dungeon Overview and Level Annotations

Branches:
Dungeon (3/15)

Altars:


Innate Abilities, Weirdness & Mutations

You cannot wear most types of armour.
You are very stealthy in the water. (Stealth+)
You are amphibious.
You can wear up to eight rings at the same time.
You can use your tentacles to constrict eight enemies at once.
Your skin changes colour to match your surroundings (Stealth+).
Your rubbery body absorbs attacks. (AC +1, EV +1)


Message History

Reactivating autopickup.
There is a stone staircase leading down here.
Deactivating autopickup; reactivate with Ctrl-A.
You closely miss something. Something hits you but does no damage.
You barely miss something. You squeeze something.
You hear some strange, mumbled words.
A magic dart appears from out of thin air!
The magic dart hits you!
You hit something but do no damage. Something hits you but does no damage.
Something hits you.
You hit something but do no damage. Something hits you.
You hit something but do no damage. Something hits you.
A magic dart appears from out of thin air!
The magic dart hits you!
A magic dart appears from out of thin air!
The magic dart hits you.
* * * LOW HITPOINT WARNING * * *
A magic dart appears from out of thin air!
The magic dart hits you!
You die...

# # # #
###########################
#......#..@................
#.####.##.#################
#.# #.##.# #.# #.##.# #####
#.####.##{#############....
#>...........[.............
#.####.##.#############.###
#{# #.##.### #.... #.#
#......# #####


There were no monsters in sight!

Vanquished Creatures
  A howler monkey (D:2)
  Terence (D:2)
  3 adders
  A worm (D:2)
  A dart slug (D:1)
  A leopard gecko (D:2)
  An orc (D:3)
  A ball python (D:1)
  12 bats
  4 giant cockroaches
  3 goblins (D:2)
  7 hobgoblins
  2 quokkas (D:2)
  7 frilled lizards
  3 kobolds
  4 rats
52 creatures vanquished.

Notes
Turn   | Place    | Note
-------+----------+-------------------------------------------
     0 | D:1      | DerDa the Octopode Wizard began the quest for the Orb.
     0 | D:1      | Reached XP level 1. HP: 11/11 MP: 4/4
   350 | D:1      | Reached XP level 2. HP: 17/17 MP: 4/6
  1037 | D:1      | Reached XP level 3. HP: 21/21 MP: 5/7
  1042 | D:1      | Learned a level 3 spell: Mephitic Cloud
  1045 | D:1      | Learned a level 2 spell: Call Imp
  1048 | D:1      | Learned a level 2 spell: Blink
  1277 | D:2      | Noticed Terence
  2032 | D:2      | Reached skill level 4 in Spellcasting
  2032 | D:2      | Reached XP level 4. HP: 12/27 MP: 1/10
  2952 | D:2      | Killed Terence
  2952 | D:2      | Reached XP level 5. HP: 10/31 MP: 7/11
  3246 | D:2      | Killed from afar by an orc wizard

Illustrated notes

Levels and vault maps discovered:
D:1:      nicolae_arrival_washed_ashore, layout_basic
D:2:      layout_basic, first_ration, uniq_terence
D:3:      layout_rooms

Skill      XL: |  1  2  3 |
---------------+----------+-----
Conjurations   | 2 3 |  3.5
Spellcasting   | 4 |  4.4
Dodging        | |  2.0
Stealth        | |  2.6
Summonings     | |  1.0
Translocations | |  1.0

Action                   |  1- 3 |  4- 6 || total
-------------------------+-------+-------++-------
Melee: Tentacles         |     1 |     3 ||     4
       Unarmed           |     1 |       ||     1
       Club              |     3 |    21 ||    24
       Constrict         |     1 |     4 ||     5
 Cast: Magic Dart        |    81 |    49 ||   130
       Mephitic Cloud    |       |     1 ||     1
  Eat: Chunk             |     3 |     3 ||     6
Armor: Skin              |     1 |     1 ||     2
Dodge: Dodged            |    16 |    13 ||    29
